 Dungeon Crawl Stone Soup version 0.26.0-10-g1f06aea511 (webtiles) character file.

Game seed: 4005654064028340615

9 Goblin1989 the Sneak (level 2, -4/24 HPs)
             Began as a Demonspawn Delver on Jan 26, 2021.
             Slain by Eustachio
             ... wielding a +3 vorpal falchion
              (6 damage)
             ... on level 5 of the Dungeon.
             The game lasted 00:00:55 (72 turns).

Goblin1989 the Sneak (Demonspawn Delver)              Turns: 72, Time: 00:00:56

Health: -4/24      AC:  3    Str: 12    XL:     2   Next: 6%
Magic:  2/2        EV: 12    Int: 11    God:
Gold:   0          SH:  4    Dex: 14    Spells: 1/1 levels left

rFire    . . .     SeeInvis .   a - +0 short sword
rCold    . . .     Faith    .   (no shield)
rNeg     . . .     Spirit   .   b - +0 leather armour
rPois    .         Reflect  .   (no helmet)
rElec    .         Harm     .   (no cloak)
rCorr    .         Rampage  .   (no gloves)
Will     .....                  (no boots)
Stlth    ++........             (no amulet)
HPRegen  0.08/turn              (no ring)
MPRegen  0.08/turn              (no ring)

@: no status effects
A: large bone plates 1
a: no special abilities


You were on level 5 of the Dungeon.
You visited 1 branch of the dungeon, and saw 1 of its levels.

Inventory:

Hand Weapons
 a - a +0 short sword (weapon)
 N - a +0 broad axe
Armour
 b - a +0 leather armour (worn)
 P - a +0 pair of gloves
 Q - a scarf of shadows
Jewellery
 O - an uncursed ring of willpower {unknown}
Wands
 g - a wand of digging (3) {@v1}
Scrolls
 c - a scroll of fog
 e - a scroll of fear
 M - 2 scrolls of magic mapping
 R - a scroll of remove curse {unknown}
Potions
 f - a potion of haste {@q3,}


   Skills:
 - Level 3.0 Fighting
 + Level 2.5 Short Blades
 - Level 1.7 Dodging
 - Level 4.5 Stealth


You had one spell level left.
You didn't know any spells.
Your spell library was empty.

Dungeon Overview and Level Annotations

Branches:
Dungeon (5/15)
 Temple: D:4-7

Altars:

Portals:
Sewer: D:5

Annotations:
D:5 Eustachio


Innate Abilities, Weirdness & Mutations

You are partially covered in large bone plates. (SH +4)


Message History

You hear the sound of rushing water.
There is an entrance to a sewer on this level.
Hurry and find it before the portal rusts away!
You become a demigod!
Welcome, Goblin1989 the Demonspawn Delver.
The bosom of this dungeon contains the fabled artefact, the Orb of Zot.
Press ? for a list of commands and other information.
Found a broad axe, a blackened moonstone ring and a pair of gloves.
Found a stone staircase leading down.
You see here a broad axe.
N - a broad axe
Found a glowing drain.
O - a blackened moonstone ring A lemure comes into view.
Found 8 stones.
You see here a pair of gloves.
P - a pair of gloves
There are no items here.
There is a stone staircase leading down here.
Unknown command.
Unknown command.
Saving game... please wait.
You hear the sound of rushing water.
There is an entrance to a sewer on this level.
Hurry and find it before the portal rusts away!
You become a demigod!
Welcome back, Goblin1989 the Demonspawn Delver.
Press ? for a list of commands and other information.
Found a leather armour.
Found a scroll of magic mapping.
M - 2 scrolls of magic mapping (gained 1)
An adder comes into view.
Found a glowing scarf and a scroll labelled FIXAUG FIAR.
The helpless adder fails to defend itself.
You puncture the adder!
The adder is severely wounded.
The adder barely misses you.
You hit the adder.
You kill the adder!
Your Short Blades skill increases to level 2!
You have reached level 2!
Your demonic ancestry asserts itself...
Large bone plates grow over parts of your arms.
Health restored: 24; MP restored: 2
Q - a glowing scarf
R - a scroll labelled FIXAUG FIAR You hear the slow rusting of a distant drain.
Eustachio the Magnificent comes into view.
He is wielding a +3 vorpal falchion and wearing a +2 leather armour of fire resistance.
Eustachio shouts!
Eustachio casts a spell.
Eustachio blinks!
Eustachio hits you with a +3 vorpal falchion.
You take 5 damage, and have 19/24 hp.
MASSIVE DAMAGE!!
You closely miss Eustachio.
Eustachio hits you with a +3 vorpal falchion.
You take 5 damage, and have 14/24 hp.
MASSIVE DAMAGE!!
You miss Eustachio.
Eustachio hits you with a +3 vorpal falchion.
* * * LOW HITPOINT WARNING * * *
x2 You take 7 damage, and have 7/24 hp.
MASSIVE DAMAGE!!
You hit Eustachio but do no damage. Eustachio misses you.
You hit Eustachio.
Eustachio is lightly wounded.
Eustachio gestures wildly while chanting.
You barely miss Eustachio.
Eustachio is lightly wounded.
Eustachio misses you.
You hit Eustachio but do no damage.
Eustachio is lightly wounded.
You block Eustachio's attack.
You hit Eustachio.
Eustachio is lightly wounded.
Eustachio hits you with a +3 vorpal falchion.
* * * LOW HITPOINT WARNING * * *
x2 You take 5 damage, and have 2/24 hp.
MASSIVE DAMAGE!!
You hit Eustachio.
Eustachio is moderately wounded.
Eustachio completely misses you.
You hit Eustachio.
Eustachio is moderately wounded.
Eustachio hits you with a +3 vorpal falchion.
You die...

█.█ █.█████████
█.██......█ █.██.████.█
█ █....█ █.██ .█
█.███████..██.█
█.............█
≈≈≈≈≈..(█.███████...███
5≈≈≈ ≈█.█@█ ███...███
≈≈≈≈≈≈..█@█ ███...██
≈≈∩≈≈≈..rb█ ██.†.█
≈≈≈≈≈≈..r.█ ███...██
≈≈≈≈≈≈█...█ ███...███
≈≈≈≈≈...█.█ █...███
█...█.█ ███...███
......█...█ ███...██
.█.██ █...█ ██...█


You could see Eustachio, a river rat (summoned), a quokka (summoned) and a bat
(summoned).

Vanquished Creatures
  An adder (D:5)
1 creature vanquished.

Notes
Turn   | Place    | Note
-------+----------+-------------------------------------------
     0 | D:5      | Goblin1989 the Demonspawn Delver began the quest for the
                  | Orb.
     0 | D:5      | Reached XP level 1. HP: 18/18 MP: 1/1
     2 | D:5      | Found a glowing drain.
     6 | D:5      | Noticed a lemure
    44 | D:5      | Gained mutation: You are partially covered in large bone
                  | plates. (SH +4) [demonic ancestry]
    44 | D:5      | Reached XP level 2. HP: 24/24 MP: 2/2
    59 | D:5      | Noticed Eustachio
    72 | D:5      | Slain by Eustachio

Illustrated notes

Levels and vault maps discovered:
D:5:      layout_basic, cheibrodos_sewer_entry_drain, serial_curves,
          eino_curves_03, eino_curves_03, uniq_ijyb, uniq_eustachio,
          uniq_blork_the_orc, uniq_pikel

Skill      XL: |  1 |
---------------+----+-----
Short Blades   | 2 |  2.5
Fighting       | |  3.0
Dodging        | |  1.7
Stealth        | |  4.5

Action                   || total
-------------------------++-------
Melee: Short sword       ||    11
 Stab: Sleeping          ||     1
Dodge: Dodged            ||     4
Block: Other             ||     1
